 Dungeon Crawl Stone Soup version 0.26-a0-651-gb41185065b (webtiles) character file.

Game seed: 16722045488600418902

4055 kae the Grappler (level 10, 0/71 HPs)
             Began as a Purple Draconian Transmuter on Oct 8, 2020.
             Slain by an orc
             ... wielding a +0 flail
              (6 damage)
             ... on level 9 of the Dungeon.
             The game lasted 00:10:07 (12091 turns).

kae the Grappler (Purple Draconian Transmuter)     Turns: 12091, Time: 00:10:08

Health: 0/71       AC:  2    Str: 15    XL:     10   Next: 4%
Magic:  13/13      EV: 19    Int: 14    God:
Gold:   501        SH:  0    Dex: 17    Spells: 2/13 levels left

rFire    . . .     SeeInvis .     - Unarmed
rCold    . . .     Faith    .   (shield currently unavailable)
rNeg     . . .     Spirit   .   (armour unavailable)
rPois    x         Reflect  .   (helmet currently unavailable)
rElec    .         Harm     .   (cloak currently unavailable)
rCorr    .         Rampage  .   (gloves currently unavailable)
MR       +....                  (boots currently unavailable)
Stlth    ++........             x - amulet of magic regeneration
HPRegen  0.21/turn              (no ring)
MPRegen  0.38/turn              (no ring)

@: spider-form (expiring)
A: tiny, (breathe power), unfitting armour, AC +7
a: End Transformation


You were on level 9 of the Dungeon.
You were a venomous arachnid creature.
You visited 1 branch of the dungeon, and saw 9 of its levels.
You also visited: Sewer.

You collected 501 gold pieces.

Inventory:

Armour
 k - a +0 cloak (melded)
Jewellery
 b - an uncursed amulet of faith
 c - an uncursed ring of ice
 x - an amulet of magic regeneration (around neck)
Wands
 j - a wand of acid (11)
 n - a wand of random effects (24)
 s - a wand of iceblast (9)
 u - a wand of flame (37)
Scrolls
 a - 5 scrolls of teleportation
 f - 2 scrolls of enchant armour
 h - 2 scrolls of enchant weapon
 l - 6 scrolls of remove curse
 w - a scroll of magic mapping
 z - 2 scrolls of fog
Potions
 d - 2 potions of heal wounds
 e - a potion of magic
 g - 2 potions of flight
 i - 7 potions of curing
 m - a potion of brilliance
 o - 3 potions of lignification
 p - a potion of ambrosia {unknown}
 q - 5 potions of mutation
 r - a potion of invisibility
 t - a potion of cancellation
 v - a potion of resistance {unknown}


   Skills:
 - Level 1.1 Fighting
 - Level 1.7 Dodging
 * Level 12.0 Unarmed Combat
 - Level 2.4 Spellcasting
 + Level 8.7 Transmutations


You had 2 spell levels left.
You knew the following spells:

 Your Spells              Type           Power        Failure   Level
a - Beastly Appendage     Tmut           ####..       4%          1
b - Wereblood             Tmut           ####....     5%          2
c - Spider Form           Tmut/Pois      ##........   28%         3
d - Blade Hands           Tmut           ####......   38%         5

Your spell library contained the following spells:

 Spells                   Type           Power        Failure   Level
 Magic Dart               Conj           #...         43%         1
 Blink                    Tloc           N/A          56%         2
 Call Imp                 Summ           #.......     56%         2
 Slow                     Hex            #.......     56%         2
 Ice Form                 Ice/Tmut       ##......     58%         4
 Conjure Flame            Conj/Fire      #.......     77%         3
 Mephitic Cloud           Conj/Pois/Air  #.......     77%         3


Dungeon Overview and Level Annotations

Branches:
Dungeon (10/15)            Temple (0/1) D:5            Lair (0/6) D:10
    Orc (0/2) D:10          Sewer (visited)

Altars:
Cheibriados
Elyvilon
Fedhas
Vehumet
Xom
Yredelemnul

Shops:
D:6 }

Annotations:
D:3 1 runed translucent door, Crazy Yiuf


Innate Abilities, Weirdness & Mutations

((You can breathe bolts of dispelling energy.))
((Your rich purple scales are hard. (AC +7)))
You cannot fit into any form of body armour.
((You are cold-blooded and may be slowed by cold attacks.))


Message History

The orc warrior is almost dead.
Your transformation is almost over.
You kill the orc warrior!
Your Unarmed Combat skill increases to level 12!
Something hits you. The orc closely misses you. Something closely misses you.
Things that are here:
a +0 halberd; a +0 chain mail You barely miss something.
Something hits you.
* * * LOW HITPOINT WARNING * * *
The orc hits you with a +0 flail!
* * * LOW HITPOINT WARNING * * *
You barely miss something. You bite something! Something hits you.
* * * LOW HITPOINT WARNING * * *
The orc barely misses you.
You miss something.
Reactivating autopickup.
You feel a bit more experienced. The orc hits you with a +0 flail.
You die...

. .# #. #.
#.######
#......+
##'##......#
+....os)...#
######)#####
#......#
#.#..#.#
#......# #
#....#'#######.+
#....#.........#
#....#.........#
+....#.........#


You could see an orc.

Vanquished Creatures
  A meliai zombie (D:10)
  3 orc warriors
  A sky beast (D:6)
  4 ogres
  A phantom (D:5)
  3 centaurs
  Blork the orc (D:4)
  A big kobold (Sewer)
  8 bullfrogs
  4 gnoll sergeants (D:6)
  A howler monkey (D:5)
  7 wights (D:7)
  A centaur zombie (D:5)
  A quasit (D:10)
  2 jellies
  5 orc priests
  6 hounds
  3 gnoll shamans
  2 centaur skeletons
  A bullfrog skeleton (D:6)
  Terence (D:3)
  Ijyb (D:3)
  7 orc wizards
  3 worker ants
  A hound zombie (D:5)
  A mummy (D:5)
  15 adders
  29 gnolls
  A howler monkey skeleton (D:6)
  3 river rats (D:3)
  2 shadow imps
  2 white imps (D:5)
  An ufetubus (D:9)
  2 oozes (D:3)
  2 adder zombies
  An adder skeleton (D:6)
  5 worms
  A dart slug (D:5)
  30 orcs
  3 bats
  2 giant cockroaches
  7 goblins
  8 hobgoblins
  12 jackals
  7 kobolds
  2 quokkas
  3 ball pythons
  7 frilled lizards
  A leopard gecko zombie (D:6)
  A quokka skeleton (D:7)
  A quokka zombie (D:6)
  10 rats
228 creatures vanquished.

Notes
Turn   | Place    | Note
-------+----------+-------------------------------------------
     0 | D:1      | kae the Draconian Transmuter began the quest for the Orb.
     0 | D:1      | Reached XP level 1. HP: 16/16 MP: 3/3
   292 | D:1      | Reached XP level 2. HP: 23/23 MP: 3/5
   304 | D:1      | Learned a level 2 spell: Wereblood
   944 | D:2      | Reached XP level 3. HP: 28/28 MP: 4/6
  1112 | D:2      | Reached skill level 4 in Unarmed Combat
  1577 | D:2      | Reached XP level 4. HP: 27/35 MP: 5/7
  2324 | D:3      | Noticed Ijyb
  2421 | D:3      | Learned a level 3 spell: Spider Form
  2429 | D:3      | Found a basalt altar of Yredelemnul.
  2504 | D:3      | Reached skill level 5 in Unarmed Combat
  2508 | D:3      | Reached XP level 5. HP: 20/40 MP: 6/8
  2570 | D:3      | Found a glowing drain.
  2577 | Sewer    | Entered a sewer
  2963 | Sewer    | Found a white marble altar of Elyvilon.
  3159 | D:3      | Noticed an ogre
  3167 | D:3      | Killed an ogre
  3167 | D:3      | Reached skill level 6 in Unarmed Combat
  3167 | D:3      | Reached XP level 6. HP: 46/47 MP: 5/9
  3282 | D:3      | Found a shimmering altar of Xom.
  3336 | D:3      | Killed Ijyb
  3420 | D:3      | Noticed Terence
  3434 | D:3      | Killed Terence
  3678 | D:3      | Found a runed translucent door.
  3679 | D:3      | Noticed Crazy Yiuf
  3930 | D:4      | Your scales start taking on a rich purple colour.
  3930 | D:4      | Reached XP level 7. HP: 14/52 MP: 6/10
  4200 | D:4      | Found a white marble altar of Elyvilon.
  4236 | D:4      | Reached skill level 7 in Unarmed Combat
  4447 | D:4      | Noticed Blork the orc
  4464 | D:4      | Killed Blork the orc
  4476 | D:4      | Reached skill level 5 in Transmutations
  4929 | D:5      | Entered Level 5 of the Dungeon
  5251 | D:5      | Found a staircase to the Ecumenical Temple.
  5394 | D:5      | Reached skill level 8 in Unarmed Combat
  5596 | D:5      | Found a radiant altar of Vehumet.
  5819 | D:5      | Found a snail-covered altar of Cheibriados.
  5955 | D:5      | Reached XP level 8. HP: 59/59 MP: 11/11
  6146 | D:6      | Found Coec's Gadget Boutique.
  6471 | D:6      | Learned a level 5 spell: Blade Hands
  6531 | D:6      | Reached skill level 9 in Unarmed Combat
  7338 | D:6      | Reached skill level 10 in Unarmed Combat
  7514 | D:6      | Reached XP level 9. HP: 60/64 MP: 12/12
  9689 | D:7      | Reached skill level 11 in Unarmed Combat
  9742 | D:7      | HP: 3/64 [poisoned by an orc]
 10635 | D:7      | Found a blossoming altar of Fedhas.
 10731 | D:7      | You fall into a shaft and drop 3 floors!
 10731 | D:10     | Entered Level 10 of the Dungeon
 10983 | D:10     | Found a staircase to the Orcish Mines.
 11090 | D:10     | Found a staircase to the Lair.
 11977 | D:9      | Reached XP level 10. HP: 56/71 MP: 13/13
 12086 | D:9      | Reached skill level 12 in Unarmed Combat
 12091 | D:9      | Slain by an orc

Illustrated notes

Levels and vault maps discovered:
D:1:      scummos_arrival_star, layout_basic, minmay_parallelograms
D:2:      layout_rooms
D:3:      layout_loops_cross, overflow_temple_1_default,
          overflow_temple_1_default, lightli_sewer_entry_pipes, uniq_terence,
          uniq_ijyb, uniq_crazy_yiuf_cottage
D:4:      layout_loops_ring, nicolae_overflow_hidden_temple, uniq_blork_the_orc
D:5:      layout_loops_ring, fiery_altar_vehumet, slow_altar_2,
          minmay_temple_entry_glass, dk_vineyard_3
D:6:      layout_cave_pools, serial_gnoll_camp, gnoll_camp_mini_basic,
          gnoll_camp_huts_moat, gnoll_camp_medium_01, gnoll_camp_mini_hut,
          gnoll_camp_mini_shop, gnoll_camp_mini_hut
D:7:      layout_basic, fedhas_bush_and_centaur_altar
D:9:      layout_stronghold, nicolae_ru_great_annihilating_truth,
          hangedman_feature_mirror
D:10:     layout_grid_maze, lair_entry_dummy, orc_0_dummy

Skill      XL: |  1  2  3  4  5  6  7  8  9 10 |
---------------+-------------------------------+-----
Unarmed Combat | 4 5 6 8 10 11 12 | 12.0
Transmutations | 3 4 5 7 8 |  8.7
Fighting       | |  1.1
Dodging        | |  1.7
Spellcasting   | |  2.4

Action                   |  1- 3 |  4- 6 |  7- 9 | 10-12 || total
-------------------------+-------+-------+-------+-------++-------
Melee: Unarmed           |    93 |   169 |   482 |    14 ||   758
       Tailslap          |     9 |     7 |    36 |       ||    52
       Headbutt          |     9 |     9 |    23 |       ||    41
       Kick              |    11 |    17 |    38 |       ||    66
       Punch             |       |     2 |     3 |       ||     5
 Cast: Beastly Appendage |    18 |    22 |    34 |       ||    74
       Wereblood         |       |     1 |     3 |       ||     4
       Spider Form       |       |     5 |    28 |     1 ||    34
 Abil: Breathe Dispellin |       |       |     4 |       ||     4
  Use: Scroll            |       |    12 |    10 |       ||    22
       Potion            |       |     4 |     3 |       ||     7
 Stab: Sleeping          |     1 |     1 |       |       ||     2
       Distracted        |       |       |     1 |       ||     1
Armor: Skin              |    17 |    46 |   113 |     1 ||   177
Dodge: Dodged            |    44 |   104 |   375 |    14 ||   537

Table legend: (Time is in decaauts)
 A = Elapsed time spent in this place.
 B = Non-inter-level travel time spent in this place.
 C = Inter-level travel time spent in this place.
 D = Time resting spent in this place.
 E = Time spent auto-exploring this place.
 F = Levels seen in this place.
 G = Mean time per level.
                   A        B        C        D        E       F      G
               +--------+--------+--------+--------+--------+-----+--------+
         Total |  12061 |  11717 |    344 |   2767 |   7014 |  10 | 1206.1 |
       Dungeon |  11589 |  11245 |    344 |   2563 |   6836 |   9 | 1287.7 |
         Sewer |    472 |    472 |      0 |    204 |    178 |   1 |  472.0 |
               +--------+--------+--------+--------+--------+-----+--------+

Top non-repeatable levels by time:
     D:6: 2558 daAuts
     D:7: 1802 daAuts
     D:2: 1464 daAuts
     D:5: 1373 daAuts
     D:3: 1174 daAuts
    D:10: 1135 daAuts
     D:4: 1048 daAuts
     D:1: 823 daAuts
   Sewer: 472 daAuts
     D:9: 209 daAuts
